 Dungeon Crawl Stone Soup version 0.30-a0-458-g86641cc369 (webtiles) character file.

Game seed: 5114166667966885438

67 IdlyInterested the Grave Robber (level 3, 0/22 (26) HPs)
             Began as a Demonspawn Wanderer on Dec 14, 2022.
             Killed from afar by an orc wizard (7 damage)
             ... with a puff of flame
             ... on level 3 of the Dungeon.
             The game lasted 00:08:14 (2355 turns).

IdlyInterested the Grave Robber (DsWn)              Turns: 2355, Time: 00:08:16

HP:   0/22 (26)     AC:  5    Str:  6 (9)  XL:     3   Next: 98%
MP:   5/6           EV: 11    Int: 14 (17) God:
Gold: 99            SH:  0    Dex: 12 (13) Spells: 2/6 levels left

rFire   . . .      SeeInvis .    k - +1 quarterstaff
rCold   . . .      Faith    .    (shield currently unavailable)
rNeg    . . .      Spirit   .    m - +1 leather armour
rPois   .          Reflect  .    b - +0 helmet
rElec   .          Harm     .    a - scarf {+Inv}
rCorr   .          Rampage  .    (no gloves)
Will    .....                    (no boots)
Stlth   +.........               (no amulet)
HPRegen 0.23/turn                (no ring)
MPRegen 0.10/turn                (no ring)

@: heavily drained
A: spiny 1, condensation shield
a: Evoke Invisibility


You were on level 3 of the Dungeon.
You visited 1 branch of the dungeon, and saw 3 of its levels.

You collected 99 gold pieces.

Inventory:

Hand Weapons
 k - a +1 quarterstaff (weapon)
 p - a +1 dagger of venom
Missiles
 f - 2 poisoned darts
 j - 18 stones
Armour
 a - a scarf of invisibility (worn)
 b - a +0 helmet (worn)
 d - a +0 robe
 m - a +1 leather armour (worn)
Scrolls
 i - a scroll of enchant weapon
 o - a scroll of immolation
 q - a scroll of identify
 r - a scroll of magic mapping {unknown}
Potions
 c - a potion of lignification
 e - a potion of berserk rage
 g - 2 potions of magic
 h - a potion of flight
 l - a potion of curing
 n - a potion of invisibility


   Skills:
 * Level 1.3 Fighting
 - Level 3.6 Short Blades
 + Level 1.1 Staves
 - Level 1.0 Armour
 - Level 1.0 Dodging
 * Level 0.9 Stealth
 - Level 2.0 Spellcasting
 + Level 4.2 Necromancy


You had 2 spell levels left.
You knew the following spells:

 Your Spells              Type           Power      Damage    Failure   Level
a - Kiss of Death         Conj/Necr      28%        2d7       16%         1
b - Vampiric Draining     Necr           13%        2d6       19%         3

Your spell library contained the following spells:

 Spells                   Type           Power      Damage    Failure   Level
 Necrotise                Necr           52%        1d6       6%          1
 Freeze                   Ice            4%         1d3       36%         1
 Magic Dart               Conj           4%         1d3       36%         1
 Shock                    Conj/Air       4%         1d3       36%         1
 Slow                     Hex            4%         N/A       36%         1
 Ensorcelled Hibernation  Hex/Ice        2%         N/A       50%         2
 Passwall                 Tmut/Erth      0%         N/A       50%         2
 Confusing Touch          Hex            1%         N/A       73%         3
 Frozen Ramparts          Ice            2%         1d1       73%         3
 Hailstorm                Conj/Ice       1%         3d3       73%         3
 Swiftness                Air            1%         N/A       73%         3


Dungeon Overview and Level Annotations

Branches:
Dungeon (3/15)

Altars:


Innate Abilities, Weirdness & Mutations

You are partially covered in sharp spines.
A meltable shield of frost defends you. (SH +0)


Message History

The orc priest miscasts a cantrip.
Something hits you but does no damage.
You see here an adder corpse.
Casting: Kiss of Death (safe; 16% risk of failure)
Confirm with . or Enter, or press ? or * to list all spells.
Aiming: Kiss of Death (safe; 16% risk of failure)
Press: ? - help, Shift-Dir - straight line, f - orc priest
Aim: an orc priest, wielding a +0 rapier and wearing a +0 scale mail (100% to hit)
The negative energy hits the orc priest.
The orc priest is drained!
The orc priest is moderately wounded.
You feel drained.
You hear some strange, mumbled words.
A magic dart appears from out of thin air!
The magic dart hits you. You block the orc priest's attack.
You hit the orc priest but do no damage.
The orc priest is moderately wounded.
You block the orc priest's attack.
You hear some strange, mumbled words.
A magic dart appears from out of thin air!
The magic dart hits you.
You sock the orc priest!
The orc priest is almost dead.
Something hits you.
You barely miss the orc priest.
The orc priest is almost dead.
The orc priest hits you with a +0 rapier.
Something hits you but does no damage.
You closely miss the orc priest.
The orc priest is almost dead.
The orc is struck by your spines. The orc closely misses you.
The orc priest completely misses you. Something hits you.
* * * LOW HITPOINT WARNING * * *
You hit the orc priest.
You kill the orc priest!
You hear some strange, mumbled words.
A puff of flame appears from out of thin air!
The puff of flame hits you!
Your condensation shield dissipates!
You die...

#........# #.#
#.# #........#
#.# #.#
#........# #.# #
#######<.## #.#
.# ### #...# #.#
#.# #<# #.#.###..
...#.# #.#
#.#...#####.....#
#.#
#........)o..<...
#..
########{@#......
### ##.# .....
.... .... ......
... ...........
#......... .
#.........
#.)........


You could see an orc.

Vanquished Creatures
  An orc priest (D:3)
  2 adders (D:3)
  A worm (D:2)
  A dart slug (D:1)
  2 ball pythons
  7 bats
  5 endoplasms
  4 goblins
  3 hobgoblins
  9 kobolds
  3 quokkas
  3 frilled lizards
  2 rats
43 creatures vanquished.

Notes
Turn   | Place    | Note
-------+----------+-------------------------------------------
     0 | D:1      | IdlyInterested the Demonspawn Wanderer began the quest for
                  | the Orb.
     0 | D:1      | IdlyInterested set off with the following items: a +0 short
                  | sword, a +0 helmet, a potion of lignification, a +0 robe;
                  | and the following spells available to memorise: Necrotise,
                  | Kiss of Death, Vampiric Draining.
     0 | D:1      | Reached XP level 1. HP: 13/13 MP: 3/3
     2 | D:1      | Learned a level 1 spell: Kiss of Death
    54 | D:1      | Got Starting Magic
   329 | D:1      | Gained mutation: You are partially covered in sharp spines.
                  | [demonic ancestry]
   329 | D:1      | Reached XP level 2. HP: 10/18 MP: 5/5
   480 | D:1      | Reached skill level 4 in Necromancy
   621 | D:1      | Reached skill level 1 in Armour
  1220 | D:2      | Gained mutation: A meltable shield of frost defends you.
                  | (SH +0) [demonic ancestry]
  1220 | D:2      | Reached XP level 3. HP: 22/25 MP: 6/6
  1286 | D:2      | Learned a level 3 spell: Vampiric Draining
  1306 | D:2      | Found a faded altar of an unknown god.
  1584 | D:2      | Reached skill level 1 in Fighting
  2200 | D:3      | Reached skill level 1 in Staves
  2355 | D:3      | Killed from afar by an orc wizard

Illustrated notes

Levels and vault maps discovered:
D:1:      ncdulo_wetmaze, layout_basic
D:2:      layout_basic, hellmonk_ecumenical_altar_inner_sanctum
D:3:      layout_basic, kennysheep_generic_room_8, uniq_grinder

Skill      XL: |  1  2  3 |
---------------+----------+-----
Necromancy     | 4 |  4.2
Armour         | 1 |  1.0
Fighting       | 1 |  1.3
Staves         | 1 |  1.1
Short Blades   | |  3.6
Dodging        | |  1.0
Stealth        | |  0.9
Spellcasting   | |  2.0

Action                   || total
-------------------------++-------
Melee: Short sword       ||    30
       Quarterstaff      ||    71
Throw: Stone             ||     7
 Cast: Kiss of Death     ||     2
  Use: Scroll            ||    12
       Potion            ||     1
 Stab: Sleeping          ||     2
Armor: Robe              ||     9
       Leather armour    ||    18
Dodge: Dodged            ||    51
Block: Other             ||     8

Table legend: (Time is in decaauts)
 A = Elapsed time spent in this place.
 B = Non-inter-level travel time spent in this place.
 C = Inter-level travel time spent in this place.
 D = Time resting spent in this place.
 E = Time spent auto-exploring this place.
 F = Levels seen in this place.
 G = Mean time per level.
                   A        B        C        D        E       F      G
               +--------+--------+--------+--------+--------+-----+--------+
         Total |   2374 |   2073 |    301 |    106 |   1495 |   3 |  791.3 |
       Dungeon |   2374 |   2073 |    301 |    106 |   1495 |   3 |  791.3 |
               +--------+--------+--------+--------+--------+-----+--------+

Top non-repeatable levels by time:
     D:1: 1092 daAuts
     D:2: 1066 daAuts
     D:3: 215 daAuts
